 Dungeon Crawl Stone Soup version 0.28.0-56-g4927b6849a (webtiles) character file.

Game seed: 17490832381895631551

107 AarnesTheHuman the Skirmisher (level 4, 0/41 HPs)
             Began as a Hill Orc Fighter on Feb 10, 2023.
             Slain by an orc
             ... wielding a +0 morningstar
              (7 damage)
             ... on level 2 of the Dungeon.
             The game lasted 00:01:50 (1750 turns).

AarnesTheHuman the Skirmisher (Hill Orc Fighter)    Turns: 1750, Time: 00:01:50

Health: 0/41       AC: 10    Str: 20    XL:     4   Next: 85%
Magic:  4/4        EV:  7    Int:  8    God:
Gold:   77         SH:  4    Dex: 10    Spells: 3/3 levels left

rFire   . . .      SeeInvis .   a - +0 war axe
rCold   . . .      Faith    .   c - +0 buckler
rNeg    . . .      Spirit   .   k - +0 chain mail
rPois   .          Reflect  .   (no helmet)
rElec   .          Harm     .   e - +0 cloak
rCorr   .          Rampage  .   (no gloves)
Will    .....                   (no boots)
Stlth   ..........              (no amulet)
HPRegen 0.13/turn               (no ring)
MPRegen 0.09/turn               (no ring)

@: no status effects
A: no striking features
a: no special abilities


You were on level 2 of the Dungeon.
You visited 1 branch of the dungeon, and saw 3 of its levels.

You collected 77 gold pieces.

Inventory:

Hand Weapons
 a - a +0 war axe (weapon)
 n - a +2 dagger of speed
 o - a +2 dagger of venom
Armour
 b - a +0 scale mail
 c - a +0 buckler (worn)
 e - a +0 cloak (worn)
 k - a +0 chain mail (worn)
Jewellery
 f - a ring of ice
Scrolls
 i - 2 scrolls of holy word {unknown}
 l - a scroll of summoning {unknown}
Potions
 d - a potion of might
 g - a potion of degeneration {unknown}
 h - a potion of mutation {unknown}
 j - a potion of attraction {unknown}
 m - a potion of lignification {unknown}


   Skills:
 + Level 4.5 Fighting
 + Level 4.0 Axes
 + Level 4.1 Armour
 + Level 4.1 Shields


You had 3 spell levels left.
You didn't know any spells.
Your spell library contained the following spells:

 Spells                   Type           Power      Damage    Failure   Level
 Slow                     Hex            0%         N/A       99%         1
 Ensorcelled Hibernation  Hex/Ice        0%         N/A       100%        2
 Passwall                 Tmut/Erth      0%         N/A       100%        2
 Confusing Touch          Hex            0%         N/A       100%        3
 Swiftness                Air            0%         N/A       100%        3
 Vampiric Draining        Necr           0%         2d6       100%        3
 Conjure Ball Lightning   Conj/Air       0%         3x3d6     100%        6
 Discord                  Hex            0%         N/A       100%        8
 Disjunction              Tloc           0%         N/A       100%        8


Dungeon Overview and Level Annotations

Branches:
Dungeon (3/15)

Altars:
Cheibriados


Message History

You slash the orc wizard!
You kill the orc wizard!
You feel very sick.
Your Axes skill increases to level 4!
Your Armour skill increases to level 4!
Your Shields skill increases to level 4!
No target in view!
You feel sick.
Items here: ) [[ ††.
o - a +2 dagger of venom You feel sick.
You feel sick.
There is a stone staircase leading down, spattered with blood here.
You start resting.
You feel sick. x4
You are no longer poisoned.
You start resting.
HP restored.
You climb downwards.
The orc hits you with a +0 morningstar.
A rat comes into view.
The orc hits you but does no damage.
There is a stone staircase leading up, spattered with blood here.
You completely miss the orc. You block the orc's attack.
You barely miss the orc. The orc hits you with a +0 morningstar!
You completely miss the orc. The orc hits you with a +0 morningstar!
You are too injured to fight recklessly!
You are too injured to fight recklessly!
You are too injured to fight recklessly!
The orc hits you with a +0 morningstar!
* * * LOW HITPOINT WARNING * * *
The rat barely misses you.
You climb upwards.
There is a stone staircase leading down, spattered with blood here.
You barely miss the orc. You barely miss the rat.
The orc hits you with a +0 morningstar.
* * * LOW HITPOINT WARNING * * *
The rat bites you.
* * * LOW HITPOINT WARNING * * *
The orc closely misses you.
You barely miss the orc. You hit the rat. You block the rat's attack.
The orc hits you with a +0 morningstar!
You die...

##....#...#### ##..
#####..##........# #...
#.....##..##.###.## #...
#.###....###...#..# ##...
#.....######.#.##.###....
####...# #..#.#.........
#.#.####)##.#.##.....#
#....[...##.#.####..##
###.#@...##...# ##..#≈
#..ro#..##..###...#≈
###...............#≈
#..#######.......#≈
#####.######...##..###≈
#............####.<# #≈
#..........### #### #≈
#..........# ##
#....>...[.# #


You could see an orc and a rat.

Vanquished Creatures
  2 orc wizards (D:2)
  A gnoll (D:1)
  An adder (D:2)
  A worm (D:2)
  A dart slug (D:1)
  2 bats (D:1)
  4 endoplasms (D:1)
  2 goblins
  3 hobgoblins
  2 quokkas
  6 ball pythons
  3 frilled lizards (D:1)
  2 kobolds (D:2)
  4 rats
34 creatures vanquished.

Notes
Turn   | Place    | Note
-------+----------+-------------------------------------------
     0 | D:1      | AarnesTheHuman the Hill Orc Fighter began the quest for the
                  | Orb.
     0 | D:1      | Reached XP level 1. HP: 19/19 MP: 1/1
   103 | D:1      | Reached XP level 2. HP: 27/27 MP: 2/2
   319 | D:1      | HP: 1/27 [gnoll/+0 club (4)]
   323 | D:1      | Reached XP level 3. HP: 2/33 MP: 3/3
  1221 | D:2      | Reached XP level 4. HP: 26/40 MP: 4/4
  1411 | D:2      | Found a snail-covered altar of Cheibriados.
  1750 | D:2      | Slain by an orc

Illustrated notes

Levels and vault maps discovered:
D:1:      giann_forest_graveyard, layout_basic, minmay_misc_feat_plants,
          st_stairs_7
D:2:      layout_rooms, basic_altar, kennysheep_cluttered_room
D:3:      layout_loops_ring, shapermc_ecumenical_altar_mp_vishouse, uniq_grinder

Skill      XL: |  1  2  3  4 |
---------------+-------------+-----
Axes           | 3 4 |  4.0
Fighting       | 4 |  4.5
Armour         | 4 |  4.1
Shields        | 4 |  4.1

Action                   |  1- 3 |  4- 6 || total
-------------------------+-------+-------++-------
Melee: War axe           |    87 |    19 ||   106
Armor: Scale mail        |    30 |       ||    30
       Chain mail        |       |     7 ||     7
Dodge: Dodged            |    38 |    10 ||    48
Block: Buckler           |    22 |     2 ||    24
